 Dungeon Crawl Stone Soup version 0.23-a0-139-ga22e90c (webtiles) character file.

1496 taqueso the Carver (level 8, -5/87 HPs)
             Began as a Demonspawn Gladiator on Aug 30, 2018.
             Killed by divine providence
             ... invoked by an orc priest
              (13 damage)
             ... on level 6 of the Dungeon.
             The game lasted 00:15:46 (5954 turns).

taqueso the Carver (Demonspawn Gladiator)           Turns: 5954, Time: 00:15:46

Health: -5/87      AC: 24    Str: 19    XL:     8   Next: 51%
Magic:  0/8        EV:  2    Int: 10    God:
Gold:   301        SH:  0    Dex: 17    Spells: 7/7 levels left

rFire    . . .     SeeInvis .   a - +0 long sword
rCold    . . .     Gourm    .   (no shield)
rNeg     + + +     Faith    .   (armour currently unavailable)
rPois    +         Spirit   +   (helmet currently unavailable)
rElec    .         Reflect  .   (cloak currently unavailable)
rCorr    .         Harm     .   (gloves currently unavailable)
MR       .....     NoTele   +   (boots currently unavailable)
Stlth    ++........             (no amulet)
HPRegen  0.24/turn              (no ring)
MPRegen  0.22/turn              (no ring)

@: mighty, tree-form
A: magic shield, magic regeneration
a: no special abilities


You were on level 6 of the Dungeon.
You were not hungry.
You were a tree.
You visited 1 branch of the dungeon, and saw 6 of its levels.

You collected 301 gold pieces.

Inventory:

Hand Weapons
 a - a +0 long sword (weapon)
 b - a +0 blowgun
Missiles
 d - 3 throwing nets {=f!f}
 h - 145 stones (quivered)
 s - 7 poisoned needles
 C - 14 tomahawks
Armour
 c - a +2 helmet (melded)
 y - a +0 scale mail (melded)
Jewellery
 A - an uncursed ring of fire
Wands
 E - a wand of flame (39)
Scrolls
 j - a scroll of remove curse
Potions
 o - 2 potions of brilliance
 q - a potion of berserk rage {unknown}
 u - a potion of cancellation {unknown}
 B - a potion of invisibility
 F - a potion of flight {unknown}
Comestibles
 f - 5 rations


   Skills:
 + Level 3.5 Fighting
 * Level 8.1 Long Blades
 + Level 4.3 Throwing
 + Level 2.1 Armour
 + Level 3.7 Dodging


You had 7 spell levels left.
You didn't know any spells.
Your spell library contained the following spells:

 Spells                   Type           Power        Failure   Level  Hunger
 Beastly Appendage        Tmut           #.....       36%         1    ##.....
 Magic Dart               Conj           #...         36%         1    ##.....
 Blink                    Tloc           N/A          50%         2    ###....
 Call Imp                 Summ           #.......     50%         2    ###....
 Slow                     Hex            #.......     50%         2    ###....
 Sticks to Snakes         Tmut           #.......     50%         2    ###....
 Conjure Flame            Conj/Fire      #.......     75%         3    ####...
 Mephitic Cloud           Conj/Pois/Air  #.......     75%         3    ####...
 Spider Form              Tmut/Pois      #.........   75%         3    ####...
 Ice Form                 Ice/Tmut       #.......     98%         4    #####..
 Blade Hands              Tmut           #.........   100%        5    ######.


Dungeon Overview and Level Annotations

Branches:
Dungeon (6/15)
 Temple: D:4-7

Altars:
Hepliaklqana
Kikubaaqudgha
Ru
Sif Muna
Xom
Zin

Shops:
D:5 =


Innate Abilities, Weirdness & Mutations

When hurt, damage is shared between your health and your magic reserves.
You regenerate magic rapidly.
((Your movements are less encumbered by armour. (ER -4)))


Message History

You slash the orc warrior!
The orc warrior is almost dead.
The orc warrior hits you with a halberd!
* * * LOW HITPOINT WARNING * * *
Okay, then.
You turn into a tree.
Your +2 helmet melds into your body.
Your +0 scale mail melds into your body.
Your roots penetrate the ground.
The orc warrior completely misses you.
You riposte.
You slash the orc warrior!
You kill the orc warrior!
You cannot move.
Throwing (i - inventory. (/) - cycle)
h - 146 stones (quivered)
Press: ? - help, Shift-Dir - straight line, f/p - orc priest
Aim: an orc priest, wielding a mace and wearing a leather armour You throw a stone.
The stone hits the orc priest but does no damage.
You closely miss the orc priest.
The orc priest calls down the wrath of Beogh upon you.
Beogh smites you!
You die...

#.# #.###.##.# #.###.#
#.##.# #.#...###.##.#
#.#.#.....#..#
###.#.#.##..#.##
...#<....#.##..#.# .
........##.##....# ...
...........###.####..(#
##.......### #.(♣ooW(.#
#........# ######o..#
#....#...# ##
#....##### #....# #...


You could see a phantom, an orc priest, an orc wizard and an orc.

Vanquished Creatures
  A steam dragon (D:5)
  Duvessa (D:4)
  An orc warrior (D:6)
  2 phantoms
  An ogre (D:5)
  Dowan (D:4)
  A centaur zombie (D:5)
  2 crimson imps (D:5)
  3 jellies
  A hound (D:5)
  6 orc wizards
  3 orc priests (D:5)
  5 worker ants
  3 gnolls
  8 adders
  A shadow imp (D:5)
  An ooze (D:2)
  An adder skeleton (D:5)
  3 dart slugs
  5 leopard geckos
  23 orcs
  3 ball pythons
  2 giant cockroaches
  7 goblins
  7 hobgoblins
  An iguana (D:3)
  13 jackals
  3 quokkas
  5 bats
  3 frilled lizards (D:1)
  9 kobolds
  A leopard gecko skeleton (D:4)
  A leopard gecko zombie (D:2)
  10 rats
  3 fungi (D:1)
141 creatures vanquished.

Vanquished Creatures (others)
  13 fungi (D:5)
13 creatures vanquished.

Grand Total: 154 creatures vanquished

Notes
Turn   | Place    | Note
-------+----------+-------------------------------------------
     0 | D:1      | taqueso the Demonspawn Gladiator began the quest for the
                  | Orb.
     0 | D:1      | Reached XP level 1. HP: 16/16 MP: 1/1
    74 | D:1      | Reached skill level 3 in Long Blades
   163 | D:1      | Gained mutation: When hurt, damage is shared between your
                  | health and your magic reserves. [demonic ancestry]
   163 | D:1      | Reached XP level 2. HP: 14/22 MP: 2/2
   656 | D:1      | Reached XP level 3. HP: 19/27 MP: 3/3
   857 | D:2      | Reached skill level 4 in Long Blades
   966 | D:2      | Gained mutation: Your movements are slightly less
                  | encumbered by armour. (ER -2) [demonic ancestry]
   966 | D:2      | Reached XP level 4. HP: 22/33 MP: 2/4
  1215 | D:2      | Noticed a phantom
  1251 | D:2      | Killed a phantom
  1251 | D:2      | Reached skill level 5 in Long Blades
  1251 | D:2      | Reached XP level 5. HP: 8/38 MP: 1/5
  1908 | D:2      | Found a sacrificial altar of Ru.
  2258 | D:3      | Found a shimmering altar of Xom.
  2817 | D:3      | Reached skill level 6 in Long Blades
  2817 | D:3      | Gained mutation: Your movements are less encumbered by
                  | armour. (ER -4) [demonic ancestry]
  2817 | D:3      | Reached XP level 6. HP: 40/44 MP: 6/6
  3045 | D:4      | Found a glowing silver altar of Zin.
  3276 | D:5      | Entered Level 5 of the Dungeon
  3360 | D:4      | Noticed Duvessa
  3370 | D:4      | Noticed Dowan
  3372 | D:4      | Killed Duvessa
  3379 | D:4      | Killed Dowan
  3379 | D:4      | Reached XP level 7. HP: 45/50 MP: 7/7
  3397 | D:4      | Reached skill level 7 in Long Blades
  3782 | D:5      | Found Uremubin's Jewellery Shop.
  4380 | D:5      | Found a hazy altar of Hepliaklqana.
  4520 | D:5      | Reached skill level 1 in Armour
  4554 | D:5      | Gained mutation: You regenerate magic rapidly. [demonic
                  | ancestry]
  4554 | D:5      | Reached XP level 8. HP: 21/57 MP: 1/8
  5417 | D:5      | Found a deep blue altar of Sif Muna.
  5511 | D:5      | Reached skill level 8 in Long Blades
  5843 | D:5      | Found an ancient bone altar of Kikubaaqudgha.
  5954 | D:6      | Killed from afar by an orc priest

Vault maps used:
D:1:      dpeg_arrival_pits, st_stairs_8, minmay_gold_behind_fungi
D:2:      marbit_many_paths, minmay_misc_feat_more_columns
D:3:      dk_xom_monty_hall
D:4:      old_standard_altar, first_ration, uniq_duvessa
D:5:      kennysheep_steamy, lemuel_doored_altar,
          nicolae_overflow_crystal_walls, serial_shops, shop,
          lemuel_blue_sif_altar
D:6:      grunt_temple_overflow_open, minmay_temple_entry_mist, basic_altar

Skill      XL: |  1  2  3  4  5  6  7  8 |
---------------+-------------------------+-----
Long Blades    | 3 4 5 6 7 8 |  8.1
Throwing       | 2 3 4 |  4.3
Dodging        | 3 |  3.7
Armour         | 1 2 |  2.1
Fighting       | 3 |  3.5

Action                   |  1- 3 |  4- 6 |  7- 9 || total
-------------------------+-------+-------+-------++-------
Melee: Long sword        |   131 |   178 |   240 ||   549
Throw: Stone             |    47 |   158 |   152 ||   357
Evoke: Wand              |       |       |     4 ||     4
  Use: Scroll            |       |    11 |     1 ||    12
       Potion            |       |     1 |     5 ||     6
  Eat: Chunk             |     1 |     7 |     6 ||    14
       Ration            |       |       |     1 ||     1
Armor: Leather armour    |    20 |    34 |       ||    54
       Scale mail        |       |    15 |    73 ||    88
Dodge: Dodged            |    86 |   132 |   121 ||   339
       Rpst.: Long sword |    23 |    37 |    43 ||   103

Table legend:
 A = Non-vault XP
 B = Vault XP
 C = Vault XP percentage of total XP
 D = Non-vault monster count
 E = Vault monster count
 F = Vault count percentage of total count
                 A         B        C        D         E       F
            +---------+---------+-------+---------+---------+-------
      Total |    1632 |     506 |  23.7 |     130 |       8 |   5.8
            +---------+---------+-------+---------+---------+-------
        D:1 |      57 |       1 |   1.7 |      26 |       1 |   3.7
        D:2 |     253 |       1 |   0.4 |      30 |       1 |   3.2
        D:3 |      54 |      91 |  62.8 |      19 |       3 |  13.6
        D:4 |     324 |     226 |  41.1 |      20 |       2 |   9.1
        D:5 |     762 |     187 |  19.7 |      32 |       1 |   3.0
        D:6 |     182 |       0 |   0.0 |       3 |       0 |   0.0
            +---------+---------+-------+---------+---------+-------
